 Dungeon Crawl Stone Soup version 0.22.1-1-ga44c0e5 (webtiles) character file.

44 wilfster70 the Chopper (level 3, 0/33 HPs)
             Began as a Hill Orc Monk on Oct 4, 2018.
             Slain by a bullfrog (5 damage)
             ... on level 1 of the Dungeon on Oct 5, 2018.
             The game lasted 00:05:56 (1338 turns).

wilfster70 the Chopper (Hill Orc Monk)              Turns: 1338, Time: 00:05:56

Health: 0/33       AC:  6    Str: 14    XL:     3   Next: 60%
Magic:  3/3        EV: 14    Int: 10    God:
Gold:   48         SH:  8    Dex: 18    Spells: 2/2 levels left

rFire    . . .     SeeInvis .   a - +0 hand axe
rCold    . . .     Gourm    .   i - +0 shield
rNeg     . . .     Faith    .   d - +0 ring mail
rPois    .         Spirit   .   (no helmet)
rElec    .         Reflect  .   (no cloak)
rCorr    .         Harm     .   (no gloves)
MR       .....                  e - +0 pair of boots
Stlth    ++........             (no amulet)
HPRegen  0.11/turn              (no ring)
MPRegen  0.08/turn              (no ring)

@: agile
A: no striking features
a: no special abilities


You were on level 1 of the Dungeon.
You were not hungry.

You visited 1 branch of the dungeon, and saw 2 of its levels.

You collected 48 gold pieces.

Inventory:

Hand Weapons
 a - a +0 hand axe (weapon)
Missiles
 g - 26 stones (quivered)
 l - 37 sling bullets
Armour
 d - a +0 ring mail (worn)
 e - a +0 pair of boots (worn)
 i - a +0 shield (worn)
Scrolls
 f - a scroll of magic mapping {unknown}
 j - 3 scrolls of identify {unknown}
 k - a scroll of remove curse {unknown}
 m - a scroll of enchant weapon {unknown}
Potions
 b - a potion of agility
 h - a potion of mutation {unknown}
Comestibles
 c - 2 rations
 n - a chunk of flesh


   Skills:
 + Level 4.2 Fighting
 + Level 5.0 Axes
 - Level 2.4 Dodging
 - Level 1.5 Stealth
 * Level 1.5 Shields


You had 2 spell levels left.
You didn't know any spells.
Your spell library was empty.

Dungeon Overview and Level Annotations

Branches:
Dungeon (2/15)

Altars:


Message History

The bullfrog barely misses you. You block the bullfrog's attack.
You block the bullfrog's attack. You block the bullfrog's attack. x2
There is a stone staircase leading up here.
The bullfrog barely misses you.
You climb upwards.
There is a stone staircase leading down here.
The bullfrog completely misses you. You block the bullfrog's attack.
The bullfrog hits you.
* * * LOW HITPOINT WARNING * * *
The bullfrog closely misses you. You block the bullfrog's attack.
The bullfrog closely misses you. The bullfrog barely misses you.
The bullfrog hits you but does no damage.
The bullfrog misses you. The bullfrog hits you.
You die...

...........#D#.>.....#≈#^#####...
##.........###...#########^#D####
....####.....##+##^#D# #####≈#^
..............#.###### ####
..........###...#### ############
......)............# #...........
.#.#####..###.#..#.###'##########
.#.# #.....##.##.#.#.....# .#.#
#.##.###.##@..#.....#### .#.#
#.##.###.###F.#........#
.#.###........###.>###......#
.#..........................#
.#.######.######..#####.....#
.#.# #.....###.## #.†...# .###
#..##.##..######.....##### ##
#..##.....................
#..#####.#################


You could see a bullfrog.

Vanquished Creatures
  2 dart slugs (D:1)
  2 leopard geckos (D:1)
  4 bats
  3 giant cockroaches (D:1)
  4 goblins (D:1)
  5 hobgoblins
  3 jackals (D:1)
  4 frilled lizards
  3 kobolds
  4 rats (D:1)
34 creatures vanquished.

Vanquished Creatures (others)
  A bat (D:1)
1 creature vanquished.

Grand Total: 35 creatures vanquished

Notes
Turn   | Place    | Note
-------+----------+-------------------------------------------
     0 | D:1      | wilfster70 the Hill Orc Monk began the quest for the Orb.
     0 | D:1      | Reached XP level 1. HP: 19/19 MP: 1/1
     0 | D:1      | Noticed an orb of fire
     0 | D:1      | Noticed a purple draconian
     1 | D:1      | Noticed a tentacled monstrosity
     3 | D:1      | Noticed a shadow dragon
     8 | D:1      | Noticed an orb of fire
    10 | D:1      | Noticed a shadow dragon
    10 | D:1      | Noticed an ice dragon
    12 | D:1      | Noticed a red draconian
    13 | D:1      | Noticed a shadow dragon
    14 | D:1      | Noticed a large abomination
    16 | D:1      | Noticed an orb of fire
    16 | D:1      | Noticed a shadow dragon
    18 | D:1      | Noticed a yellow draconian
    20 | D:1      | Noticed a shadow dragon
   210 | D:1      | Reached XP level 2. HP: 27/27 MP: 2/2
   585 | D:1      | Reached XP level 3. HP: 29/33 MP: 3/3
   710 | D:1      | Reached skill level 1 in Shields
   784 | D:1      | Reached skill level 5 in Axes
  1117 | D:2      | Found a faded altar of an unknown god.
  1291 | D:2      | Noticed a bullfrog
  1338 | D:1      | Slain by a bullfrog

Skill      XL: |  1  2  3 |
---------------+----------+-----
Fighting       | 4 |  4.2
Shields        | 1 |  1.5
Axes           | 5 |  5.0
Dodging        | |  2.4
Stealth        | |  1.5

Action                   || total
-------------------------++-------
Melee: Hand axe          ||   108
  Use: Potion            ||     1
 Stab: Sleeping          ||     8
  Eat: Chunk             ||     1
Armor: Robe              ||     2
       Leather armour    ||    24
       Ring mail         ||    14
Dodge: Dodged            ||    66
Block: Shield            ||    40
